Map: Romanticide LE

Players

BlysK - Winner!

  • Race: Protoss Protoss
  • League: Master
  • Spawn Location: 11:00

JusticeSimon

  • Race: Protoss Protoss
  • League: Master
  • Spawn Location: 5:00

Event: DreamHack SC2 Masters 2020 Winter

VOD

Have the link to the VOD?

Description

Time

  • Played on: Oct. 16, 2020, 8:10 a.m.
  • Length: 10:28

All games in this series

Show
View Real Time Build Order
Export as new Build Order

BlysK Protoss - Winner!

Build Orders:  

Get SALT Encoding   

  12  0:00  Probe  
  13  0:12  Probe  
  14  0:19  Pylon  
  14  0:24  Probe  
  15  0:38  Gateway, Probe (Chrono Boost)  
  16  0:44  Assimilator  
  16  0:49  Probe (Chrono Boost)  
  17  0:54  Probe (Chrono Boost)  
  17  0:56  Assimilator  
  19  1:04  Probe  
  19  1:09  Gateway  
  19  1:16  Probe  
  20  1:25  Cybernetics Core  
  20  1:28  Probe  
  21  1:40  Probe  
  21  1:45  Pylon  
  22  1:52  Probe  
  23  2:01  Stalker (Chrono Boost), Warp Gate (Chrono Boost)  
  23  2:02  Stalker (Chrono Boost)  
  28  2:14  Pylon  
  27  2:23  Stalker x2  
  31  2:35  Shield Battery  
  31  2:39  Robotics Facility  
  31  2:45  Probe  
  32  2:58  Probe  
  33  3:14  Nexus  
  33  3:24  Probe  
  34  3:30  Shield Battery  
  34  3:46  Adept x2  
  38  3:48  Probe  
  38  3:50  Pylon  
  39  4:00  Gateway  
  38  4:05  Probe  
  39  4:17  Probe  
  39  4:20  Warp Prism (Chrono Boost)  
  40  4:27  Twilight Council, Probe  
  40  4:29  Probe  
  40  4:31  Sentry  
  40  4:33  Sentry  
  44  4:39  Probe  
  44  4:43  Probe  
  46  4:48  Observer (Chrono Boost)  
  46  4:51  Probe  
  48  4:55  Probe  
  49  5:02  Blink (Chrono Boost)  
  49  5:04  Probe  
  50  5:07  Probe  
  51  5:15  Adept  
  51  5:16  Adept, Probe  
  51  5:19  Probe  
  57  5:25  Immortal (Chrono Boost)  
  57  5:28  Probe  
  62  5:29  Pylon  
  62  5:36  Assimilator  
  62  5:47  Probe x2  
  64  5:56  Stalker x2  
  64  5:59  Probe  
  64  6:01  Immortal (Chrono Boost)  
  69  6:04  Probe  
  69  6:06  Pylon  
  70  6:12  Gateway  
  70  6:13  Gateway  
  70  6:24  Probe x2  
  72  6:28  Phoenix  
  72  6:29  Robotics Bay  
  72  6:32  Assimilator  
  72  6:36  Probe  
  72  6:39  Nexus  
  73  6:43  Pylon  
  73  6:44  Probe  
  74  6:49  Stalker  
  74  6:52  Pylon  
  76  6:56  Stalker  
  76  7:01  Probe  
  79  7:04  Gateway  
  79  7:05  Probe  
  79  7:08  Stalker  
  82  7:13  Probe  
  82  7:14  Disruptor (Chrono Boost)  
  82  7:15  Shield Battery  
  83  7:19  Charge  
  86  7:24  Dark Shrine  
  86  7:33  Stalker x2  
  86  7:35  Shield Battery  
  90  7:39  Disruptor (Chrono Boost)  
  89  8:00  Probe  
  89  8:03  Probe  
  91  8:06  Adept  
  91  8:11  Disruptor (Chrono Boost), Nexus  
  94  8:14  Pylon x2  
  94  8:15  Pylon  
  92  8:22  Probe  
  93  8:33  Stalker  
  93  8:34  Forge, Stalker x2  
  101  8:42  Warp Prism (Chrono Boost)  
  101  8:53  Dark Templar x2  
  101  8:54  Dark Templar  
  107  8:59  Probe x2  
  107  9:11  Probe  
  107  9:16  Probe  
  97  9:23  Probe  
  90  9:25  Probe  
  90  9:29  Probe  
  82  9:32  Disruptor (Chrono Boost)  
  82  9:34  Stalker x6  
  97  9:57  Stalker x5  
  97  9:58  Stalker  
  106  10:00  Archon  
Show
View Real Time Build Order
Export as new Build Order

JusticeSimon Protoss 

Build Orders: Blink Stalkers 

Get SALT Encoding   

  12  0:00  Probe  
  13  0:12  Probe  
  14  0:18  Pylon  
  14  0:24  Probe  
  15  0:36  Probe (Chrono Boost)  
  15  0:39  Gateway  
  16  0:45  Probe (Chrono Boost)  
  16  0:46  Assimilator  
  17  0:50  Probe (Chrono Boost)  
  18  0:57  Assimilator  
  18  1:02  Probe (Chrono Boost)  
  19  1:11  Gateway  
  19  1:13  Probe (Chrono Boost)  
  20  1:18  Probe  
  21  1:29  Cybernetics Core  
  21  1:31  Probe  
  22  1:42  Pylon  
  22  1:43  Probe  
  23  2:00  Probe  
  24  2:03  Warp Gate (Chrono Boost)  
  24  2:06  Stalker x2  
  28  2:12  Probe  
  28  2:13  Pylon  
  29  2:30  Shield Battery  
  29  2:36  Stalker x2  
  33  2:46  Probe  
  34  3:02  Nexus  
  34  3:12  Shield Battery  
  34  3:22  Probe  
  34  3:27  Twilight Council  
  35  3:34  Probe  
  36  3:35  Pylon  
  36  3:45  Sentry  
  36  3:46  Probe  
  39  3:51  Pylon  
  39  3:57  Blink (Chrono Boost)  
  39  3:58  Probe  
  39  4:02  Sentry  
  42  4:04  Phoenix  
  42  4:09  Robotics Facility  
  42  4:10  Probe  
  40  4:19  Probe (Chrono Boost)  
  40  4:25  Probe (Chrono Boost)  
  41  4:31  Probe (Chrono Boost)  
  42  4:38  Probe x2 (Chrono Boost)  
  42  4:42  Stalker  
  42  4:43  Sentry  
  47  4:45  Probe  
  47  4:46  Probe  
  47  4:48  Forge  
  49  4:57  Probe  
  49  4:58  Probe  
  49  4:59  Shield Battery  
  51  5:01  Shield Battery  
  51  5:12  Immortal  
  51  5:13  Probe  
  56  5:16  Probe  
  57  5:22  Protoss Ground Weapons Level 1  
  57  5:23  Pylon  
  57  5:26  Probe  
  59  5:28  Probe  
  59  5:31  Pylon  
  59  5:37  Stalker  
  59  5:42  Stalker  
  60  5:51  Probe x2  
  61  5:57  Immortal  
  61  6:03  Probe x2  
  67  6:04  Pylon  
  67  6:09  Assimilator  
  67  6:10  Stalker  
  69  6:15  Stalker  
  71  6:26  Gateway  
  71  6:27  Gateway  
  71  6:30  Probe (Chrono Boost)  
  73  6:35  Probe (Chrono Boost)  
  73  6:37  Observer (Chrono Boost)  
  75  6:41  Probe (Chrono Boost)  
  75  6:43  Stalker  
  75  6:45  Probe (Chrono Boost)  
  75  6:46  Stalker  
  80  6:54  Warp Prism (Chrono Boost)  
  80  6:58  Pylon  
  82  7:09  Nexus  
  82  7:18  Stalker  
  82  7:19  Stalker  
  82  7:21  Gateway  
  86  7:32  Gateway  
  86  7:39  Probe x2  
  86  7:43  Pylon  
  84  8:04  Stalker x4  
  89  8:13  Probe x2, Immortal (Chrono Boost)  
  89  8:15  Robotics Bay  
  95  8:21  Probe  
  95  8:22  Shield Battery  
  95  8:25  Probe  
  95  8:26  Probe  
  98  8:29  Gateway  
  98  8:32  Gateway  
  98  8:33  Probe  
  99  8:38  Charge, Probe x2  
  101  8:43  Stargate  
  101  8:44  Stargate  
  101  8:45  Probe  
  102  8:57  Probe x3  
  102  8:59  Assimilator  
  102  9:00  Assimilator  
  102  9:02  Assimilator  
  105  9:09  Probe  
  65  9:18  Stalker x5  
  48  9:32  Stalker x3  
  42  9:40  Observer  
  43  9:45  Stalker  
  43  9:46  Stalker  
  43  9:47  Stalker  
  49  9:59  Stalker x2  
  51  10:12  Stalker x2  
Tags
 
Add a new tag
Caveats
  • Supply blocks, unpowered buildings, or Contaminate may cause inaccurate times.
  • Supply counts are checked every 10 seconds.